TOP OF THE 1ST |
Los Cabos Cartel batting - Pitching for Irvine Gang Green : LHP Masutaro Koyama
|
Pitching: LHP Masutaro Koyama
|
|
Batting: LHB Luis González
|
0-0: Bunted foul 0-1: Ball 1-1: Ball 2-1: Ground out 6-3 (Groundball, 6MS)
|
Batting: RHB Gerardo Escobedo
|
0-0: Ground out 3-1 (Groundball, 34S)
|
Batting: SHB Julián Madrid
|
0-0: Ball 1-0: Ball 2-0: Swinging Strike 2-1: Foul Ball, location: 2F 2-2: Strikes out swinging
|
Top of the 1st over - 0 run(s), 0 hit(s), 0 error(s), 0 left on base; Los Cabos 0 - Irvine 0 |
BOTTOM OF THE 1ST |
Irvine Gang Green batting - Pitching for Los Cabos Cartel : RHP Dillon Nelson
|
Pitching: RHP Dillon Nelson
|
|
Batting: LHB Jesús Campos
|
0-0: Called Strike 0-1: Ground out U3 (Groundball, 3L)
|
Batting: RHB Tom Doherty
|
0-0: Ball 1-0: Called Strike 1-1: Foul Ball, location: 2F 1-2: Ball 2-2: Ground out 6-3 (Groundball, 6S)
|
Batting: LHB Jorge Martínez
|
0-0: Called Strike 0-1: Ball 1-1: Ball 2-1: Fly out, F6 (Popup, 6D)
|
Bottom of the 1st over - 0 run(s), 0 hit(s), 0 error(s), 0 left on base; Los Cabos 0 - Irvine 0 |
TOP OF THE 2ND |
Los Cabos Cartel batting - Pitching for Irvine Gang Green : LHP Masutaro Koyama
|
Batting: RHB Stephen Wilson
|
0-0: Ball 1-0: Ball 2-0: Ball 3-0: Base on Balls
|
Batting: RHB António Magana
|
0-0: Swinging Strike 0-1: Grounds into double play, 4-6-3 (Groundball, 4)
|
Batting: LHB Miguel Rivería
|
0-0: Ball 1-0: Foul Ball, location: 2F 1-1: Foul Ball, location: 2F 1-2: Ball 2-2: Strikes out swinging
|
Top of the 2nd over - 0 run(s), 0 hit(s), 0 error(s), 0 left on base; Los Cabos 0 - Irvine 0 |
BOTTOM OF THE 2ND |
Irvine Gang Green batting - Pitching for Los Cabos Cartel : RHP Dillon Nelson
|
Batting: LHB Víctor Quiñones
|
0-0: Ball 1-0: Ball 2-0: Ball 3-0: Called Strike 3-1: Ground out 3-1 (Groundball, 3)
|
Batting: RHB Buck Jones
|
0-0: Called Strike 0-1: Ball 1-1: Foul Ball, location: 2F 1-2: Foul Ball, location: 2F 1-2: Foul Ball, location: 2F 1-2: Fly out, F8 (Flyball, 8LXD)
|
Batting: LHB Leonardo Medina
|
0-0: Ball 1-0: Swinging Strike 1-1: Ball 2-1: Foul Ball, location: 2F 2-2: Ball 3-2: Ground out 4-3 (Groundball, 34)
|
Bottom of the 2nd over - 0 run(s), 0 hit(s), 0 error(s), 0 left on base; Los Cabos 0 - Irvine 0 |
TOP OF THE 3RD |
Los Cabos Cartel batting - Pitching for Irvine Gang Green : LHP Masutaro Koyama
|
Batting: RHB Oliver Hernández
|
0-0: Ball 1-0: Swinging Strike 1-1: Foul Ball, location: 2F 1-2: Strikes out looking
|
Batting: LHB Manny Quiñones
|
0-0: Ball 1-0: Ball 2-0: Called Strike 2-1: Called Strike 2-2: Foul Ball, location: 2F 2-2: Foul Ball, location: 2F 2-2: Strikes out looking
|
Batting: RHB Wilbert Rodgers
|
0-0: DOUBLE (Line Drive, 89M)
|
Batting: LHB Luis González
|
0-0: Foul Ball, location: 2F 0-1: Foul Ball, location: 2F 0-2: Ball 1-2: Foul Ball, location: 2F 1-2: Ball 2-2: Ground out 4-3 (Groundball, 4)
|
Top of the 3rd over - 0 run(s), 1 hit(s), 0 error(s), 1 left on base; Los Cabos 0 - Irvine 0 |
BOTTOM OF THE 3RD |
Irvine Gang Green batting - Pitching for Los Cabos Cartel : RHP Dillon Nelson
|
Batting: RHB José Salazar
|
0-0: Swinging Strike 0-1: Called Strike 0-2: Ball 1-2: Ground out 5-3 (Groundball, 56)
|
Batting: LHB Bill Murphy
|
0-0: Called Strike 0-1: Foul Ball, location: 2F 0-2: Ball 1-2: Strikes out swinging, 2-3 out at first.
|
Batting: LHB Tony Tavárez
|
0-0: Ground out 4-3 (Groundball, 4)
|
Bottom of the 3rd over - 0 run(s), 0 hit(s), 0 error(s), 0 left on base; Los Cabos 0 - Irvine 0 |
TOP OF THE 4TH |
Los Cabos Cartel batting - Pitching for Irvine Gang Green : LHP Masutaro Koyama
|
Batting: RHB Gerardo Escobedo
|
0-0: Called Strike 0-1: Ball 1-1: Swinging Strike 1-2: Foul Ball, location: 2F 1-2: Ball 2-2: Ground out 6-3 (Groundball, 6)
|
Batting: SHB Julián Madrid
|
0-0: Foul Ball, location: 2F 0-1: Swinging Strike 0-2: Ball 1-2: Ball 2-2: Fly out, F7 (Line Drive, 7D)
|
Batting: RHB Stephen Wilson
|
0-0: Ball 1-0: Called Strike 1-1: Ground out 1-3 (Groundball, 23)
|
Top of the 4th over - 0 run(s), 0 hit(s), 0 error(s), 0 left on base; Los Cabos 0 - Irvine 0 |
BOTTOM OF THE 4TH |
Irvine Gang Green batting - Pitching for Los Cabos Cartel : RHP Dillon Nelson
|
Batting: LHB Jesús Campos
|
0-0: Ball 1-0: Ball 2-0: Ball 3-0: Called Strike Single, Error in OF, E9, batter to second base
|
Batting: RHB Tom Doherty
|
0-0: Foul Ball, location: 2F 0-1: Ball 1-1: Foul Ball, location: 2F 1-2: Strikes out swinging
|
Batting: LHB Jorge Martínez
|
0-0: Ball Jesús Campos steals 3rd base 1-0: Ball 2-0: Called Strike 2-1: Ball 3-1: Fly out, F8 (Flyball, 8LXD) Runner from 3rd tags up, SCORES, no throw
|
Batting: LHB Víctor Quiñones
|
0-0: Ball 1-0: Fly out, F4 (Line Drive, 4)
|
Bottom of the 4th over - 1 run(s), 1 hit(s), 1 error(s), 0 left on base; Los Cabos 0 - Irvine 1 |
TOP OF THE 5TH |
Los Cabos Cartel batting - Pitching for Irvine Gang Green : LHP Masutaro Koyama
|
Batting: RHB António Magana
|
0-0: Foul Ball, location: 2F 0-1: Swinging Strike 0-2: Strikes out looking
|
Batting: LHB Miguel Rivería
|
0-0: Ball 1-0: Foul Ball, location: 2F 1-1: Foul Ball, location: 2F 1-2: Foul Ball, location: 2F 1-2: Strikes out swinging
|
Batting: RHB Oliver Hernández
|
0-0: Ball 1-0: Called Strike 1-1: Foul Ball, location: 2F 1-2: Strikes out swinging
|
Top of the 5th over - 0 run(s), 0 hit(s), 0 error(s), 0 left on base; Los Cabos 0 - Irvine 1 |
BOTTOM OF THE 5TH |
Irvine Gang Green batting - Pitching for Los Cabos Cartel : RHP Dillon Nelson
|
Batting: RHB Buck Jones
|
0-0: Called Strike 0-1: Ball 1-1: TRIPLE (Flyball, 9D)
|
Batting: LHB Leonardo Medina
|
0-0: Ball 1-0: Ball 2-0: Foul Ball, location: 2F 2-1: Fly out, F2 (Popup, 23F)
|
Batting: RHB José Salazar
|
0-0: Swinging Strike 0-1: Foul Ball, location: 2F 0-2: Fly out, F7 (Flyball, 78M) Runner from 3rd tags up, SCORES, throw made
|
Batting: LHB Bill Murphy
|
0-0: Ball 1-0: Foul Ball, location: 2F 1-1: Ground out 4-3 (Groundball, 4)
|
Bottom of the 5th over - 1 run(s), 1 hit(s), 0 error(s), 0 left on base; Los Cabos 0 - Irvine 2 |
TOP OF THE 6TH |
Los Cabos Cartel batting - Pitching for Irvine Gang Green : LHP Masutaro Koyama
|
Batting: LHB Manny Quiñones
|
0-0: Ball 1-0: Foul Ball, location: 2F 1-1: Foul Ball, location: 2F 1-2: Ball 2-2: Strikes out looking
|
Batting: RHB Wilbert Rodgers
|
0-0: Foul Ball, location: 2F 0-1: Ball 1-1: Ball 2-1: Fly out, F8 (Flyball, 8LS)
|
Batting: LHB Luis González
|
0-0: Ground out 4-3 (Groundball, 4S)
|
Top of the 6th over - 0 run(s), 0 hit(s), 0 error(s), 0 left on base; Los Cabos 0 - Irvine 2 |
BOTTOM OF THE 6TH |
Irvine Gang Green batting - Pitching for Los Cabos Cartel : RHP Dillon Nelson
|
Batting: LHB Tony Tavárez
|
0-0: Swinging Strike 0-1: Foul Ball, location: 2F 0-2: Foul Ball, location: 2F 0-2: Strikes out swinging
|
Batting: LHB Jesús Campos
|
0-0: Ground out U3 (Groundball, 3S)
|
Batting: RHB Tom Doherty
|
0-0: Called Strike 0-1: Ball 1-1: Foul Ball, location: 2F 1-2: Foul Ball, location: 2F 1-2: SINGLE (Groundball, 34)
|
Batting: LHB Jorge Martínez
|
0-0: Called Strike 0-1: Ball 1-1: Ball 2-1: Foul Ball, location: 2F 2-2: Ball 3-2: Ground out 5-3 (Groundball, 15S)
|
Bottom of the 6th over - 0 run(s), 1 hit(s), 0 error(s), 1 left on base; Los Cabos 0 - Irvine 2 |
TOP OF THE 7TH |
Los Cabos Cartel batting - Pitching for Irvine Gang Green : LHP Masutaro Koyama
|
Batting: RHB Gerardo Escobedo
|
0-0: SINGLE (Groundball, 4M)
|
Batting: SHB Julián Madrid
|
0-0: Fly out, F7 (Flyball, 7D)
|
Batting: RHB Stephen Wilson
|
0-0: Ball 1-0: Swinging Strike 1-1: Called Strike 1-2: Ball 2-2: Foul Ball, location: 2F 2-2: Foul Ball, location: 2F 2-2: Strikes out swinging
|
Batting: RHB António Magana
|
0-0: Ball 1-0: SINGLE (Groundball, 5L) Gerardo Escobedo to second
|
Pinch Hitting: RHB John Pick
|
0-0: Called Strike 0-1: Foul Ball, location: 2F 0-2: Ball 1-2: Foul Ball, location: 2F 1-2: Foul Ball, location: 2F 1-2: Ball 2-2: Foul Ball, location: 2F 2-2: Ball 3-2: Foul Ball, location: 2F 3-2: Ground out 6-3 (Groundball, 6)
|
Top of the 7th over - 0 run(s), 2 hit(s), 0 error(s), 2 left on base; Los Cabos 0 - Irvine 2 |
BOTTOM OF THE 7TH |
Irvine Gang Green batting - Pitching for Los Cabos Cartel : RHP Dillon Nelson
|
Now in RF: José Rivas
|
|
Batting: LHB Víctor Quiñones
|
0-0: Ball 1-0: Ball 2-0: Ground out 6-3 (Groundball, 6M)
|
Batting: RHB Buck Jones
|
0-0: Called Strike 0-1: Ball 1-1: Ball 2-1: Ball 3-1: Called Strike 3-2: Base on Balls
|
Batting: LHB Leonardo Medina
|
0-0: Called Strike 0-1: Ball 1-1: Fly out, F8 (Flyball, 8LM)
|
Batting: RHB José Salazar
|
0-0: Ball 1-0: Ball 2-0: Ball 3-0: Called Strike 3-1: Foul Ball, location: 2F 3-2: Fly out, F7 (Line Drive, 78S)
|
Bottom of the 7th over - 0 run(s), 0 hit(s), 0 error(s), 1 left on base; Los Cabos 0 - Irvine 2 |
TOP OF THE 8TH |
Los Cabos Cartel batting - Pitching for Irvine Gang Green : LHP Masutaro Koyama
|
Batting: RHB Oliver Hernández
|
0-0: Ball 1-0: Foul Ball, location: 2F 1-1: Ball 2-1: Foul Ball, location: 2F 2-2: Strikes out looking
|
Batting: LHB Manny Quiñones
|
0-0: Foul Ball, location: 2F 0-1: Called Strike 0-2: Strikes out swinging
|
Batting: RHB Wilbert Rodgers
|
0-0: Ground out 5-3 (Groundball, 5)
|
Top of the 8th over - 0 run(s), 0 hit(s), 0 error(s), 0 left on base; Los Cabos 0 - Irvine 2 |
BOTTOM OF THE 8TH |
Irvine Gang Green batting - Pitching for Los Cabos Cartel : RHP Dillon Nelson
|
Pitching: RHP Anastasio Freitas
|
|
Batting: LHB Bill Murphy
|
0-0: Ball 1-0: Called Strike 1-1: Ball 2-1: Foul Ball, location: 2F 2-2: Foul Ball, location: 2F 2-2: Foul Ball, location: 2F 2-2: Foul Ball, location: 2F 2-2: Fly out, F8 (Flyball, 8LXD)
|
Pitching: LHP António Martínez
|
|
Batting: LHB Tony Tavárez
|
0-0: Ball 1-0: Ball 2-0: Called Strike 2-1: Called Strike 2-2: Foul Ball, location: 2F 2-2: Strikes out swinging
|
Batting: LHB Jesús Campos
|
0-0: Ball 1-0: SINGLE (Flyball, 9LS)
|
Batting: RHB Tom Doherty
|
0-0: Ball 1-0: Ball 2-0: Foul Ball, location: 2F 2-1: Ball 3-1: Fielders Choice at 2nd, U6 (Groundball, 6M)
|
Bottom of the 8th over - 0 run(s), 1 hit(s), 0 error(s), 1 left on base; Los Cabos 0 - Irvine 2 |
TOP OF THE 9TH |
Los Cabos Cartel batting - Pitching for Irvine Gang Green : LHP Masutaro Koyama
|
Batting: LHB Luis González
|
0-0: Ground out 4-3 (Groundball, 4MS)
|
Batting: RHB Gerardo Escobedo
|
0-0: Ground out 6-3 (Groundball, 6)
|
Batting: SHB Julián Madrid
|
0-0: Called Strike 0-1: Ball 1-1: Ground out 6-3 (Groundball, 6)
|
Top of the 9th over - 0 run(s), 0 hit(s), 0 error(s), 0 left on base; Los Cabos 0 - Irvine 2 |
|